 Dungeon Crawl Stone Soup version 0.19.5 (webtiles) character file.

73 WellDressedCM the Skirmisher (level 4, -5/40 HPs)
             Began as a Draconian Berserker on Mar 28, 2017.
             Was a Believer of Trog.
             Slain by WellDressedCM's ghost (13 damage)
             ... on level 4 of the Dungeon.
             The game lasted 00:08:04 (2271 turns).

WellDressedCM the Skirmisher (Draconian Berserker)  Turns: 2271, Time: 00:08:05

Health: -5/40      AC:  7    Str: 20    XL:     4   Next: 8%
Magic:  4/4        EV: 12    Int: 10    God:    Trog [**....]
Gold:   164        SH:  0    Dex:  8    Spells: 0 memorised, 3 levels left

rFire  . . .     SeeInvis .     f - +4 mace
rCold  . . .     Gourm    .     (armour unavailable)
rNeg   . . .     Faith    +     (no shield)
rPois  .         Spirit   .     (helmet restricted)
rElec  .         Reflect  .     (no cloak)
rCorr  .         Harm     .     (no gloves)
MR     .....                    d - +1 pair of boots
Stlth  +.........               n - amulet of faith
                                (no ring)
                                (no ring)

@: no status effects
A: unfitting armour, antennae 1, clever 1, clumsy 1, cold-blooded, AC +5
a: Berserk, Trog's Hand, Burn Spellbooks, Renounce Religion


You were on level 4 of the Dungeon.
You worshipped Trog.
Trog was pleased with you.
You were not hungry.

You visited 1 branch of the dungeon, and saw 4 of its levels.

You collected 164 gold pieces.

Inventory:

Hand Weapons
 a - a +0 falchion
 f - a +4 mace (weapon)
Missiles
 g - 106 stones (quivered)
Armour
 d - a +1 pair of boots (worn)
Jewellery
 n - an amulet of faith (around neck)
Scrolls
 c - a scroll of teleportation
 e - a scroll of identify
 j - a scroll of enchant armour
 l - 2 scrolls of enchant weapon
Potions
 h - 2 potions of curing
 m - a potion of brilliance
Comestibles
 b - 3 bread rations
 i - 2 meat rations
 k - a chunk of flesh


   Skills:
 + Level 4.0 Fighting
 + Level 3.5 Long Blades
 + Level 1.1 Maces & Flails
 + Level 3.3 Dodging


You had 3 spell levels left.
You didn't know any spells.

Dungeon Overview and Level Annotations

Branches:
Dungeon (4/15)
 Temple: D:4-7

Altars:

Annotations:
D:4 WellDressedCM's ghost, novice DrBe


Innate Abilities, Weirdness & Mutations

Your plain brown scales are hard. (AC +5)
You cannot fit into any form of body armour.
You are cold-blooded and may be slowed by cold attacks.
You have a pair of small antennae on your head.
Your mind is acute. (Int +2)
You are clumsy. (Dex -2)


Message History

WellDressedCM's ghost turns its malevolent gaze towards you.
Found a ring mail.
There is a stone staircase leading up here.
WellDressedCM's ghost hits you!
You sock WellDressedCM's ghost!
WellDressedCM's ghost is lightly damaged.
WellDressedCM's ghost hits you! x2
* * * LOW HITPOINT WARNING * * *
You are too injured to fight recklessly!
You are too injured to fight recklessly!
You hit WellDressedCM's ghost.
WellDressedCM's ghost is lightly damaged.
WellDressedCM's ghost barely misses you.
You sock WellDressedCM's ghost!
WellDressedCM's ghost is moderately damaged.
WellDressedCM's ghost hits you but does no damage.
You hit WellDressedCM's ghost.
WellDressedCM's ghost is moderately damaged.
WellDressedCM's ghost hits you!
You die...

# . .##
.####...
......###
##........
#.........
#.........
#<........
##@.......
#....W......
####[.......
#........
#........
#........
#........
#........


You could see WellDressedCM's ghost.

Vanquished Creatures
  An ooze (D:3)
  2 worms (D:2)
  2 dart slugs (D:1)
  A leopard gecko (D:2)
  2 orcs (D:3)
  7 bats
  3 giant cockroaches
  7 goblins
  9 hobgoblins
  4 jackals (D:2)
  A quokka (D:3)
  3 frilled lizards
  4 kobolds
  6 rats
52 creatures vanquished.

Notes
Turn   | Place    | Note
-------+----------+-------------------------------------------
     0 | D:1      | WellDressedCM the Draconian Berserker began the quest for the Orb.
     0 | D:1      | Reached XP level 1. HP: 19/19 MP: 1/1
   137 | D:1      | Reached XP level 2. HP: 11/26 MP: 2/2
   483 | D:1      | Reached ** piety under Trog
   621 | D:2      | Reached XP level 3. HP: 30/33 MP: 3/3
  1188 | D:2      | Reached skill level 4 in Fighting
  1905 | D:3      | Reached skill level 1 in Maces & Flails
  2029 | D:3      | Gained mutation: You are clumsy. (Dex -2) [potion of mutation]
  2029 | D:3      | Gained mutation: Your mind is acute. (Int +2) [potion of mutation]
  2029 | D:3      | Gained mutation: You have a pair of small antennae on your head. [potion of mutation]
  2087 | D:3      | Reached XP level 4. HP: 37/40 MP: 4/4
  2266 | D:4      | Noticed WellDressedCM's ghost (novice DrBe)
  2271 | D:4      | Slain by WellDressedCM's ghost

Skill      XL: |  1  2  3 |
---------------+----------+-----
Dodging        | 3 |  3.3
Fighting       | 4 |  4.0
Maces & Flails | 1 |  1.1
Long Blades    | |  3.5

Action                   |  1- 3 |  4- 6 || total
-------------------------+-------+-------++-------
Melee: Falchion          |    38 |       ||    38
       Tailslap          |    12 |     1 ||    13
       Mace              |    75 |    10 ||    85
  Use: Scroll            |     7 |       ||     7
       Potion            |     6 |     1 ||     7
 Stab: Sleeping          |     1 |       ||     1
  Eat: Chunk             |     4 |       ||     4
Armor: Skin              |    40 |     1 ||    41
Dodge: Dodged            |    70 |     6 ||    76
       Rpst.: Falchion   |     4 |       ||     4
